 Dungeon Crawl Stone Soup version 0.30.0-17-ge0270778cf (webtiles) character file.

Game seed: 17872283822766328052

5909 Demosthentine the Trooper (level 10, -16/72 HPs)
             Began as a Demonspawn Gladiator on May 22, 2023.
             Was a Follower of Hepliaklqana.
             Demolished by a vampire
             ... wielding a +3 vampiric bardiche
              (26 damage)
             ... in a bailey.
             The game lasted 00:10:20 (10294 turns).

Demosthentine the Trooper (Demonspawn Gladiator)   Turns: 10294, Time: 00:10:21

Health: -16/72     AC:  7    Str: 16    XL:     10   Next: 53%
Magic:  12/12      EV: 16    Int: 10    God:    Hepliaklqana [*.....]
Gold:   237        SH:  5    Dex: 17    Spells: 9/9 levels left

rFire   + . .        a - +1 trident
rCold   . . .        t - +0 buckler
rNeg    . . .        k - +0 steam dragon scales
rPois   .            (helmet restricted)
rElec   .            u - scarf {repulsion}
rCorr   .            (no gloves)
SInv    +            z - +0 pair of boots
Will    .....        (no amulet)
Stlth   ++           c - ring of see invisible
HPRegen 0.32/turn    q - ring of protection from fire
MPRegen 0.13/turn

%: repel missiles
@: mighty
A: reduced essence, horns 1, powered by pain 2, spiny 2
a: Renounce Religion, Recall Ancestor, Ancestor Identity


You were in a bailey.
You worshipped Hepliaklqana.
Hepliaklqana was aware of your devotion.
You visited 2 branches of the dungeon, and saw 10 of its levels.
You also visited: Bailey.

You collected 424 gold pieces.
You spent 187 gold pieces at shops.

Inventory:

Hand Weapons
 a - a +1 trident (weapon)
 w - the +5 spear of the Fulmar {heavy, rElec rC+ rN+ Dex-2 Stlth+}
   (You found it on level 5 of the Dungeon)

   Dex:       It affects your dexterity (-2).
   rC:        It protects you from cold.
   rElec:     It insulates you from electricity.
   rN:        It protects you from negative energy.
   Stlth:     It makes you more stealthy.
 I - the +9 hammer of Henad {speed, rElec Int+2}
   (You found it on level 7 of the Dungeon)

   Int:       It affects your intelligence (+2).
   rElec:     It insulates you from electricity.
Missiles
 e - a javelin (quivered)
 m - a throwing net
 r - 8 boomerangs
 B - a curare-tipped dart
Armour
 f - a +0 cloak
 k - +0 steam dragon scales (worn)
 t - a +0 buckler (worn)
 u - a scarf of repulsion (worn)
 z - a +0 pair of boots (worn)
Jewellery
 c - a ring of see invisible (left hand)
 q - a ring of protection from fire (right hand)
Wands
 d - a wand of mindburst (8)
 g - a wand of acid (12)
 C - a wand of iceblast (13)
 D - a wand of charming (11)
Scrolls
 h - 2 scrolls of amnesia
 p - 4 scrolls of enchant weapon
 v - 5 scrolls of teleportation
 x - 4 scrolls of fog
 y - a scroll of enchant armour
 F - 3 scrolls of fear
 G - 2 scrolls of identify
Potions
 b - a potion of flight
 i - 3 potions of attraction
 j - 4 potions of mutation
 l - a potion of might
 n - a potion of invisibility
 o - a potion of resistance
 s - 3 potions of curing
 A - a potion of cancellation
 E - a potion of brilliance


   Skills:
 + Level 7.7 Fighting
 + Level 7.4 Polearms
 - Level 1.7 Throwing
 - Level 6.3 Armour
 + Level 7.4 Dodging
 - Level 4.6 Shields
 + Level 2.9 Invocations


You had 9 spell levels left.
You didn't know any spells.
Your spell library contained the following spells:

 Spells                   Type           Power      Damage    Failure   Level
 Beastly Appendage        Tmut           0%         N/A       43%         1
 Freeze                   Ice            0%         1d3       43%         1
 Kiss of Death            Conj/Necr      0%         2d5       43%         1
 Cigotuvi's Dreadful Rot  Necr/Pois/Air  0%         N/A       58%         2
 Sublimation of Blood     Necr           0%         N/A       58%         2
 Wereblood                Tmut           0%         N/A       58%         2
 Confusing Touch          Hex            0%         N/A       82%         3
 Frozen Ramparts          Ice            0%         1d1       82%         3
 Hailstorm                Conj/Ice       0%         3d3       82%         3
 Ignite Poison            Fire/Tmut/Pois 0%         N/A       82%         3
 Spider Form              Tmut/Pois      0%         N/A       82%         3
 Stone Arrow              Conj/Erth      0%         3d7       82%         3
 Summon Guardian Golem    Hex/Summ       0%         N/A       82%         3
 Animate Armour           Summ/Erth      0%         N/A       99%         4
 Dispel Undead            Necr           0%         3d6       99%         4
 Petrify                  Tmut/Erth      0%         N/A       99%         4
 Freezing Cloud           Conj/Ice/Air   0%         6-21      100%        5
 Irradiate                Conj/Tmut      0%         3d11      100%        5
 Death Channel            Necr           0%         N/A       100%        6
 Orb of Destruction       Conj           0%         9d5       100%        7
 Spellforged Servitor     Conj/Summ      0%         N/A       100%        7
 Lehudib's Crystal Spear  Conj/Erth      0%         10d2      100%        8


Dungeon Overview and Level Annotations

Branches:
Dungeon (9/15)             Temple (1/1) D:6            Lair (0/5) D:8
 Bailey (1/1)
    Orc: D:9-12

Altars:
Ashenzari
Cheibriados
Dithmenos
Fedhas
Gozag
Hepliaklqana
Kikubaaqudgha
Makhleb
Nemelex Xobeh
Okawaru
Qazlal
Ru
Trog
Uskayaw
Vehumet
Xom
Yredelemnul

Shops:
D:4 *?(   D:6 *   D:8 [


Innate Abilities, Weirdness & Mutations

Your life essence is reduced to manifest your ancestor. (-10% HP)
You have a pair of small horns on your head.
You sometimes gain power by taking damage.
You are mostly covered in sharp spines.


Message History

The vampire is severely damaged.
The vampire closely misses you.
Edwyna completely misses the vampire.
Reach: a) +1 trident
Press: ? - help, Dir - move target, f/p - vampire
Aim: a vampire, wielding a +3 vampiric bardiche and wearing a +0 chain mail (heavily damaged, slightly transparent, ally target, about 28% to evade your +1 trident)
You reach to attack!
You puncture the vampire!
The vampire is almost destroyed.
The vampire gestures at you while chanting.
Edwyna resists with significant effort.
Edwyna hits the vampire but does no damage.
Reach: a) +1 trident
Press: ? - help, Dir - move target, f/p - vampire
Aim: a vampire, wielding a +3 vampiric bardiche and wearing a +0 chain mail (almost destroyed, slightly transparent, ally target, about 28% to evade your +1 trident)
You reach to attack!
You hit the vampire but do no damage.
The vampire is almost destroyed.
The vampire hits you from afar with a +3 vampiric bardiche!
* * * LOW HITPOINT WARNING * * *
The vampire draws strength from your wounds!
Edwyna hits the vampire but does no damage.
Reach: a) +1 trident
Press: ? - help, Dir - move target, f/p - vampire
Aim: a vampire, wielding a +3 vampiric bardiche and wearing a +0 chain mail (heavily damaged, slightly transparent, ally target, about 28% to evade your +1 trident)
You reach to attack!
You hit the vampire but do no damage.
The vampire is heavily damaged.
The vampire misses you.
Edwyna hits the vampire but does no damage.
Reach: a) +1 trident
Press: ? - help, Dir - move target, f/p - vampire
Aim: a vampire, wielding a +3 vampiric bardiche and wearing a +0 chain mail (heavily damaged, slightly transparent, ally target, about 28% to evade your +1 trident)
You reach to attack!
You closely miss the vampire.
The vampire is heavily damaged.
The vampire barely misses you.
Edwyna hits the vampire but does no damage.
Reach: a) +1 trident
Press: ? - help, Dir - move target, f/p - vampire
Aim: a vampire, wielding a +3 vampiric bardiche and wearing a +0 chain mail (heavily damaged, slightly transparent, ally target, about 28% to evade your +1 trident)
You reach to attack!
You hit the vampire but do no damage.
The vampire is heavily damaged.
The vampire hits you from afar with a +3 vampiric bardiche!!
You die...

.♣♣.)......##...#..#
....♣♣....##....#..#
......♣...#..).##..#
.....♣...##...##...#
......♣♣. ##......8#
...♣....
##....######
........
#...##....##
........
#..##.....!# .......
#..#@RV# ......♣
#..'..## .#+##..
#..'..# .# #
#..#...# ##
#8.##..... ####
#...8# #####


You could see the friendly Edwyna the ancestor and a vampire (invisible, ally
target).

Vanquished Creatures
  Erica (D:8)
  Pikel (D:4)
  Joseph (D:7)
  A gargoyle (Bailey)
  Maurice (D:8)
  A troll (D:9)
  A wyvern (D:7)
  A steam dragon (D:7)
  2 water moccasins
  An orc warrior (D:6)
  3 ice beasts
  4 sky beasts (D:7)
  An ogre (D:7)
  2 centaurs
  A lemure (D:4)
  A phantom (D:7)
  2 kobold brigands
  3 bullfrogs (D:7)
  2 gnoll sergeants (D:9)
  A scorpion (D:7)
  4 wights (D:7)
  4 killer bees (D:7)
  2 jellies
  4 vampire bats (Bailey)
  4 hounds
  4 orc priests
  A gnoll bouda (D:5)
  Crazy Yiuf (D:7)
  2 iguanas
  7 orc wizards
  18 gnolls
  4 adders
  3 white imps
  4 ufetubi
  2 worms
  3 dart slugs
  21 orcs
  10 endoplasms
  2 giant cockroaches
  11 goblins
  12 hobgoblins
  4 jackals (D:4)
  6 quokkas
  8 ball pythons
  3 bats
  2 frilled lizards (D:1)
  10 kobolds
  13 orc zombies (Bailey)
  5 rats
205 creatures vanquished.

Vanquished Creatures (collateral kills)
  4 vampire bats (Bailey)
  3 orc zombies (Bailey)
7 creatures vanquished.

Vanquished Creatures (others)
  A killer bee (D:8)
  3 ancestors
4 creatures vanquished.

Grand Total: 216 creatures vanquished

Notes
Turn   | Place    | Note
-------+----------+-------------------------------------------
     0 | D:1      | Demosthentine the Demonspawn Gladiator began the quest for
                  | the Orb.
     0 | D:1      | Reached XP level 1. HP: 16/16 MP: 1/1
   127 | D:1      | Gained mutation: You sometimes gain a little power by
                  | taking damage. [demonic ancestry]
   127 | D:1      | Reached XP level 2. HP: 22/22 MP: 2/2
  1101 | D:2      | Reached skill level 1 in Armour
  1107 | D:2      | Reached XP level 3. HP: 27/28 MP: 3/3
  1462 | D:2      | Gained mutation: You have a pair of small horns on your
                  | head. [demonic ancestry]
  1462 | D:2      | Reached XP level 4. HP: 26/34 MP: 4/4
  2429 | D:3      | Found a faded altar of an unknown god.
  2670 | D:3      | Reached XP level 5. HP: 41/41 MP: 5/5
  2759 | D:4      | Found Zomujun's Antique Weapon Shoppe.
  2759 | D:4      | Found Zavokk's Magic Scroll Shoppe.
  2759 | D:4      | Found Riseitro's General Store.
  2796 | D:4      | Noticed Pikel
  2796 | D:4      | Noticed a lemure
  2796 | D:4      | Noticed a lemure
  2796 | D:4      | Noticed a lemure
  2797 | D:4      | Noticed a lemure
  2799 | D:4      | Found a broken altar of Ashenzari.
  2811 | D:4      | Killed a lemure
  2818 | D:4      | HP: 2/41 [Pikel/+0 whip of freezing (2)]
  2823 | D:4      | Killed Pikel
  2824 | D:4      | Reached XP level 6. HP: 4/48 MP: 6/6
  2824 | D:4      | Reached XP level 7. HP: 4/54 MP: 7/7
  3397 | D:4      | Bought a scroll of teleportation for 42 gold pieces
  3405 | D:4      | You fall into a shaft and drop 2 floors!
  3412 | D:6      | Found Gycem's Elemental Accessories.
  3426 | D:5      | Entered Level 5 of the Dungeon
  4026 | D:5      | Reached skill level 5 in Dodging
  4113 | D:5      | Identified the +5 spear of the Fulmar {heavy, rElec rC+ rN+
                  | Dex-2 Stlth+}
  4329 | D:4      | Found a bloodstained altar of Trog.
  4614 | D:4      | Reached skill level 5 in Polearms
  4614 | D:4      | Gained mutation: You are partially covered in sharp spines.
                  | [demonic ancestry]
  4614 | D:4      | Reached XP level 8. HP: 57/61 MP: 8/8
  4837 | D:5      | Reached skill level 5 in Fighting
  5236 | D:4      | Bought a potion of resistance for 100 gold pieces
  5236 | D:4      | Bought a +0 buckler for 45 gold pieces
  5470 | D:6      | Found a staircase to the Ecumenical Temple.
  5485 | Temple   | Entered the Ecumenical Temple
  6113 | D:6      | Reached skill level 1 in Shields
  6447 | D:6      | Found a shimmering altar of Xom.
  6454 | D:6      | Found a sacrificial altar of Ru.
  6457 | D:6      | Found a snail-covered altar of Cheibriados.
  6457 | D:6      | Found a sparkling altar of Nemelex Xobeh.
  6464 | D:6      | Found a hazy altar of Hepliaklqana.
  6558 | D:6      | Noticed an angel
  6713 | D:6      | Became a worshipper of Hepliaklqana the Forgotten
  6910 | D:7      | Noticed Joseph
  6929 | D:7      | Killed Joseph
  6930 | D:7      | Reached skill level 5 in Armour
  6930 | D:7      | Gained mutation: You sometimes gain power by taking damage.
                  | [demonic ancestry]
  6930 | D:7      | Reached XP level 9. HP: 22/69 MP: 9/9
  8382 | D:7      | Found a runed translucent door.
  8383 | D:7      | Noticed Crazy Yiuf
  8385 | D:7      | Identified the +9 hammer of Henad {speed, rElec Int+2}
  8393 | D:7      | Killed Crazy Yiuf
  8454 | D:8      | Found Leux's Armour Emporium.
  8471 | D:7      | HP: 3/69 [steam dragon (3)]
  8680 | D:8      | Noticed Erica
  8730 | D:8      | Killed Erica
  8731 | D:8      | Gained mutation: You are mostly covered in sharp spines.
                  | [demonic ancestry]
  8731 | D:8      | Reached XP level 10. HP: 33/79 MP: 10/10
  9151 | D:8      | Noticed Maurice
  9162 | D:8      | Killed Maurice
  9208 | D:8      | Identified the orb of the Invisible Hand {*channel, Harm
                  | rC+ Will++}
  9310 | D:8      | Reached * piety under Hepliaklqana
  9327 | D:8      | Found a staircase to the Lair.
  9664 | D:9      | Reached skill level 1 in Invocations
  9711 | D:9      | Found a flagged portal.
  9855 | Bailey   | Entered a bailey
 10144 | Bailey   | Noticed a gargoyle
 10161 | Bailey   | Killed a gargoyle
 10294 | Bailey   | Demolished by a vampire

Illustrated notes

Levels and vault maps discovered:
D:1:      minmay_arrival_open_corners, layout_basic, hangedman_decor_push
D:2:      layout_basic, basic_altar, st_stairs_13, minmay_close_crescents
D:3:      layout_loops_ring, ebering_ecumenical_altar_petrified,
          kennysheep_potato
D:4:      layout_gridville, overflow_temple_1_default,
          lemuel_coloured_pillars_altar, nicolae_shop_distant_corner_stores,
          uniq_pikel
D:5:      layout_loops_ring
D:6:      layout_basic, zin_angel, nicolae_overflow_hallway_of_the_gods,
          minmay_temple_entry_proselytizer, minivault_19,
          nicolae_elemental_shop, nicolae_nh_ransacked_shop
D:7:      minmay_general_purpose_star, layout_loops_ring,
          minmay_misc_feat_rugged, chequers_jeans, uniq_joseph,
          uniq_crazy_yiuf_cottage
D:8:      layout_basic, lair_entry_dummy, serial_shops,
          nicolae_shop_tiny_waterfront, uniq_erica, uniq_maurice
D:9:      layout_gridville, erik_orc_4, enter_bailey_5, uniq_amaemon
Temple:   nicolae_temple_slightly_damp_pantheon
Bailey:   bailey_polearm_vampire_castle_hellmonk, bailey

Skill      XL: |  1  2  3  4  5  6  7  8  9 10 |
---------------+-------------------------------+-----
Polearms       | 3 4 5 6 7 |  7.4
Dodging        | 3 4 5 6 7 |  7.4
Armour         | 1 3 4 5 6 |  6.3
Fighting       | 3 4 6 7 |  7.7
Shields        | 2 4 |  4.6
Invocations    | 2 |  2.9
Throwing       | |  1.7

Action                     |  1- 3 |  4- 6 |  7- 9 | 10-12 || total
---------------------------+-------+-------+-------+-------++-------
  Melee: Trident           |   128 |    85 |   402 |   192 ||   807
         Punch             |     2 |       |     6 |       ||     8
         Headbutt          |       |    11 |    78 |    17 ||   106
  Throw: Throwing net      |       |     5 |     5 |       ||    10
    Use: Scroll            |     6 |     4 |    10 |     1 ||    21
         Potion            |       |     1 |     4 |     1 ||     6
   Stab: Sleeping          |     3 |     2 |     2 |     2 ||     9
         Held in net/web   |       |       |     1 |       ||     1
         Distracted        |       |       |       |     2 ||     2
 Armour: Leather armour    |    30 |     7 |    48 |       ||    85
         Steam dragon scal |       |       |     5 |    18 ||    23
  Dodge: Dodged            |    61 |    42 |   247 |    89 ||   439
         Repelled          |       |       |     2 |     3 ||     5
  Block: Buckler           |       |       |       |    23 ||    23
